 Dungeon Crawl Stone Soup version 0.32-a0-995-gb4a5920 (webtiles) character file.

Game seed: 15451489908025910908

10356 Xerrl the Carver (level 11, -2/84 HPs)
             Began as a Coglin Berserker on Apr 22, 2024.
             Was an Initiate of Nemelex Xobeh.
             Succumbed to barbed spike wounds
             ... on level 10 of the Dungeon.
             The game lasted 00:45:09 (12356 turns).

Xerrl the Carver (Coglin Berserker)                Turns: 12356, Time: 00:45:10

Health: -2/84      AC: 22    Str: 20    XL:     11   Next: 60%
Magic:  11/11      EV:  7    Int: 11    God:    Nemelex Xobeh [......]
Gold:   603        SH:  0    Dex: 13    Spells: 10/10 levels left

rFire   . . .        r - +0 dagger (venom) {Vicente}
rCold   . . .        W - +4 dagger (distort) {Egbert}
rNeg    . . .        F - +0 plate armour
rPois   .            m - +0 helmet
rElec   .            i - +1 cloak
rCorr   .            l - +0 pair of gloves
SInv    .            s - +0 pair of boots
Will    .....        (amulet unavailable) Stlth
                     (ring unavailable)
HPRegen 0.34/turn    (ring unavailable)
MPRegen 0.12/turn    (no gizmo)

%: no passive effects
@: spiked
A: off-hand wielding, slow wielding, warmup strikes, no jewellery, iridescent
scales 1, camouflage 1, clever 1
a: Invent Gizmo, Renounce Religion, Draw Escape, Draw Destruction, Draw
Summoning


You were on level 10 of the Dungeon.
You worshipped Nemelex Xobeh.
Nemelex Xobeh was noncommittal.
You visited 1 branch of the dungeon, and saw 10 of its levels.

You collected 603 gold pieces.

Inventory:

Hand Weapons
 a - a +0 falchion {Ishtar-belessa}
 e - a +0 hand axe of venom {Walburga}
 h - a +1 dagger of electrocution
 r - a +0 dagger of venom (weapon) {Vicente}
 t - a +1 sling of freezing
 y - a +0 rapier {Juan}
 W - a +4 dagger of distortion (offhand) {Egbert}
 Y - a +0 dire flail
Missiles
 u - 16 poisoned darts
 A - 5 boomerangs
 Q - a throwing net (quivered)
Armour
 f - a scarf of invisibility
 i - a +1 cloak (worn)
 l - a +0 pair of gloves (worn)
 m - a +0 helmet (worn)
 s - a +0 pair of boots (worn)
 z - a scarf of resistance
 E - a +2 scale mail of fire resistance
 F - a +0 plate armour (worn)
 R - a +0 kite shield
Magical Staves
 b - a staff of fire
Wands
 g - a wand of flame (33)
 j - a wand of polymorph (6)
 C - a wand of mindburst (16)
 D - a wand of quicksilver (17)
 N - a wand of charming (11)
 T - a wand of roots (6)
 Z - a wand of digging (3)
Scrolls
 c - 2 scrolls of poison
 d - 2 scrolls of amnesia
 n - 2 scrolls of fear {unknown}
 v - a scroll of noise {unknown}
 x - 3 scrolls of identify
 G - 3 scrolls of enchant armour {unknown}
 K - a scroll of fog {unknown}
 O - 2 scrolls of vulnerability {unknown}
 P - a scroll of revelation {unknown}
Potions
 k - a potion of brilliance {unknown}
 o - a potion of might
 w - a potion of heal wounds {unknown}
 B - a potion of ambrosia {unknown}
 H - 2 potions of haste
 I - a potion of invisibility {unknown}
 J - a potion of enlightenment
 S - a potion of resistance {unknown}
 X - a potion of magic {unknown}


   Skills:
 - Level 7.0 Fighting
 * Level 9.1(10.8) Short Blades
 - Level 10.0(11.8) Long Blades
 - Level 0.5 Axes
 - Level 8.3 Armour
 - Level 4.1 Dodging


You had 10 spell levels left.
You didn't know any spells.
Your spell library contained the following spells:

 Spells                   Type           Power      Damage    Failure   Level
 Apportation              Tloc           0%         N/A       100%        1
 Jinxbite                 Hex            0%         N/A       100%        2
 Lesser Beckoning         Tloc           0%         N/A       100%        2
 Frozen Ramparts          Ice            0%         1d1       100%        3
 Fugue of the Fallen      Necr           0%         N/A       100%        3
 Maxwell's Portable Pile  Tloc           0%         2d(5-13)  100%        3
 Ozocubu's Armour         Ice            0%         N/A       100%        3
 Teleport Other           Tloc           0%         N/A       100%        3
 Alistair's Intoxication  Alch           0%         N/A       100%        5
 Metabolic Englaciation   Hex/Ice        0%         N/A       100%        5
 Yara's Violent Unravell  Hex/Alch       0%         3d3       100%        5
 Enfeeble                 Hex            0%         N/A       100%        7
 Manifold Assault         Tloc           0%         N/A       100%        7


Dungeon Overview and Level Annotations

Branches:
Dungeon (10/15)            Temple (0/1) D:4
   Lair: D:8-11         Orc: D:9-12

Altars:
Ashenzari
Cheibriados
Dithmenos
Kikubaaqudgha
Nemelex Xobeh
Qazlal
Ru
Trog
Vehumet
Wu Jian
Yredelemnul

Shops:
D:7 [:

Annotations:
D:10 2 runed translucent doors


Innate Abilities, Weirdness & Mutations

You can wield a second weapon in your off-hand.
It takes a long time for you to wield or remove held weapons.
Your first few attacks do less damage.
You cannot equip rings or amulets.
You are partially covered in iridescent scales. (AC +2)
Your skin changes colour to match your surroundings (Stealth+).
Your mind is acute. (Int +4, Str/Dex -1)


Message History

Aim: a manticore (moderately wounded, very poisoned, chance to affect: 47%)
The manticore resists with some effort.
The manticore flicks its tail.
The volley of spikes skewers you!
More barbed spikes become lodged in your body.
* * * LOW HITPOINT WARNING * * *
Aiming: Charm
Press: ? - help, Shift-Dir - straight line, f/p - manticore
Aim: a manticore (moderately wounded, very poisoned, chance to affect: 31%)
The manticore is charmed.
The barbed spikes dig painfully into your body as you move.
* * * LOW HITPOINT WARNING * * *
Okay, then.
Okay, then.
Aiming: Polymorph
Press: ? - help, Shift-Dir - straight line, f/p - manticore
Aim: a manticore (moderately wounded, charmed, very poisoned, friendly, will become a swamp dragon, a sun moth, or a death drake, chance to affect: 31%)
Okay, then.
You swap places.
The barbed spikes dig painfully into your body as you move.
* * * LOW HITPOINT WARNING * * *
The barbed spikes dig painfully into your body as you move.
* * * LOW HITPOINT WARNING * * *
You feel better.
You feel very mighty all of a sudden.
Your manticore looks more healthy.
You carefully extract the barbed spikes from your body.
The manticore is no longer charmed.
The manticore flicks its tail.
The volley of spikes skewers you!
Barbed spikes become lodged in your body.
* * * LOW HITPOINT WARNING * * *
Okay, then.
Your magical effects are unravelling.
You feel magically purged.
You feel a little less mighty now.
Okay, then.
The barbed spikes dig painfully into your body as you move.
You die...
Your body disappears without a glow.

#.....## ##............
#......### #............
#........## ##...........
#.........### ##..........
#......##...## ##.........
#>....####...## #######...
#....## #.....## ####
##..## ##......## ## #...#
#..@.....# ####.
#...###........## #....
#....##..H......######....
##...#....................
#..............######....
##.............# ##...
#.............# #...
##............# ##..
#............# ###


You could see a manticore.

Vanquished Creatures
  Harold (D:9)
  3 two-headed ogres
  A death yak (D:9)
  Maurice (D:8)
  Psyche (D:8)
  2 polar bears
  2 wraiths
  8 yaks
  2 wyverns (D:7)
  An unseen horror simulacrum (D:9)
  5 vampire mosquitoes
  2 steam dragons
  5 ice beasts
  An orc warrior (D:8)
  2 ogres (D:5)
  3 centaurs
  3 bullfrogs
  2 gnoll sergeants (D:9)
  A scorpion (D:5)
  5 wights (D:7)
  7 killer bees (D:8)
  3 vampire bats (D:3)
  6 howler monkeys
  2 bombardier beetles (D:4)
  4 hounds
  6 orc priests
  3 jellies
  A gnoll bouda (D:4)
  Ijyb (D:3)
  9 iguanas
  A sleepcap (D:7)
  9 orc wizards
  3 centaur simulacra (D:9)
  Robin (D:4)
  11 adders
  9 gnolls
  3 shadow imps
  2 white imps
  A howler monkey simulacrum (D:9)
  An ufetubus (D:9)
  4 ribbon worms
  3 dart slugs
  21 orcs
  3 bats
  2 bat skeletons (D:3)
  3 bat zombies (D:3)
  2 endoplasms
  5 giant cockroaches
  13 hobgoblins
  3 jackals (D:4)
  8 kobolds
  4 quokkas
  4 ball pythons
  4 frilled lizards
  21 goblins
234 creatures vanquished.

Vanquished Creatures (others)
  A vampire mosquito (D:7)
  A hobgoblin (D:3)
2 creatures vanquished.

Grand Total: 236 creatures vanquished

Notes
Turn   | Place    | Note
-------+----------+-------------------------------------------
     0 | D:1      | Xerrl the Coglin Berserker began the quest for the Orb.
     0 | D:1      | Reached XP level 1. HP: 18/18 MP: 1/1
    86 | D:1      | Found a faded altar of an unknown god.
   192 | D:1      | Reached XP level 2. HP: 24/24 MP: 2/2
  1089 | D:2      | Reached XP level 3. HP: 9/29 MP: 3/3
  1902 | D:3      | Reached skill level 4 in Long Blades
  1902 | D:3      | Reached XP level 4. HP: 30/36 MP: 4/4
  1908 | D:3      | Reached ** piety under Trog
  2202 | D:3      | Found an ornate altar of the Wu Jian Council.
  2202 | D:3      | Found a basalt altar of Yredelemnul.
  2203 | D:3      | Found a bloodstained altar of Trog.
  2253 | D:3      | Noticed Ijyb
  2287 | D:3      | Killed Ijyb
  2288 | D:3      | Reached XP level 5. HP: 31/42 MP: 5/5
  2557 | D:3      | Found an ancient bone altar of Kikubaaqudgha.
  2563 | D:3      | Reached skill level 5 in Long Blades
  2570 | D:3      | Reached XP level 6. HP: 48/48 MP: 6/6
  2741 | D:3      | You fall into a shaft and drop 3 floors!
  2886 | D:5      | Entered Level 5 of the Dungeon
  2965 | D:4      | Found a staircase to the Ecumenical Temple.
  3148 | D:4      | Reached skill level 6 in Long Blades
  3196 | D:4      | Reached XP level 7. HP: 48/55 MP: 7/7
  3347 | D:4      | Found a broken altar of Ashenzari.
  3820 | D:4      | Reached *** piety under Trog
  3901 | D:4      | Noticed Robin
  3913 | D:4      | Killed Robin
  4284 | D:5      | Reached skill level 5 in Fighting
  4284 | D:5      | Reached skill level 7 in Long Blades
  4589 | D:5      | Found a sacrificial altar of Ru.
  4653 | D:5      | Reached XP level 8. HP: 45/62 MP: 8/8
  5010 | D:5      | Reached skill level 8 in Long Blades
  5245 | D:5      | Gained mutation: Your mind is acute. (Int +4, Str/Dex -1)
                  | [potion of mutation]
  5245 | D:5      | Gained mutation: Your movements are slightly less
                  | encumbered by armour. (ER -2) [potion of mutation]
  5250 | D:5      | Lost mutation: Your mind is acute. (Int +4, Str/Dex -1)
                  | [potion of mutation]
  5250 | D:5      | Lost mutation: Your movements are slightly less encumbered
                  | by armour. (ER -2) [potion of mutation]
  5250 | D:5      | Gained mutation: Your mind is acute. (Int +4, Str/Dex -1)
                  | [potion of mutation]
  5250 | D:5      | Gained mutation: You are partially covered in iridescent
                  | scales. (AC +2) [potion of mutation]
  5250 | D:5      | Gained mutation: Your skin changes colour to match your
                  | surroundings (Stealth+). [potion of mutation]
  6343 | D:6      | Found a stormy altar of Qazlal.
  6350 | D:6      | Reached skill level 9 in Long Blades
  6670 | D:7      | Found Cheibriados's Comfort Zone.
  6671 | D:7      | Found a snail-covered altar of Cheibriados.
  6689 | D:7      | Reached XP level 9. HP: 48/71 MP: 9/9
  7040 | D:7      | Reached skill level 10 in Long Blades
  7092 | D:7      | Reached **** piety under Trog
  7480 | D:7      | Found Iceptuva's Tremendous Tomes.
  7650 | D:8      | Reached skill level 5 in Armour
  7856 | D:8      | Found a shadowy altar of Dithmenos.
  8158 | D:8      | Noticed Maurice
  8172 | D:8      | Maurice stole a staff of fire
  8178 | D:8      | Maurice stole a +5 ring of evasion
  8179 | D:8      | Maurice stole 12 poisoned darts
  8181 | D:8      | Killed Maurice
  8182 | D:8      | Reached XP level 10. HP: 60/79 MP: 5/10
  8209 | D:8      | Noticed a two-headed ogre
  8218 | D:8      | Killed a two-headed ogre
  8221 | D:8      | Noticed Psyche
  8223 | D:8      | Noticed a two-headed ogre
  8225 | D:8      | a two-headed ogre changed into a broodmother
  8225 | D:8      | Noticed a broodmother
  8228 | D:8      | Noticed an orb spider
  8504 | D:8      | Noticed an orb spider
  8504 | D:8      | Noticed an orb spider
  8505 | D:8      | Noticed a wolf spider
  8802 | D:8      | Killed Psyche
  9446 | D:9      | Reached skill level 1 in Short Blades
  9665 | D:9      | Noticed a two-headed ogre
  9668 | D:10     | Entered Level 10 of the Dungeon
  9881 | D:10     | Killed a two-headed ogre
  9882 | D:10     | Reached skill level 5 in Short Blades
  9895 | D:10     | Reached XP level 11. HP: 27/84 MP: 11/11
 10311 | D:9      | Found a radiant altar of Vehumet.
 10409 | D:9      | Noticed a death yak
 10447 | D:9      | Killed a death yak
 11084 | D:9      | Found a sparkling altar of Nemelex Xobeh.
 11086 | D:9      | Noticed Harold
 11108 | D:9      | Killed Harold
 11222 | D:9      | Fell from the grace of Trog
 11222 | D:9      | Became a worshipper of Nemelex Xobeh the Trickster
 11412 | D:10     | Noticed a two-headed ogre
 11424 | D:10     | Killed a two-headed ogre
 11795 | D:10     | Noticed a two-headed ogre
 11843 | D:10     | Noticed a manticore
 12229 | D:10     | Found a runed translucent door.
 12256 | D:10     | Found a runed translucent door.
 12342 | D:10     | HP: 1/84 [barbs]
 12354 | D:10     | HP: 4/84 [manticore/volley of spikes (10)]
 12356 | D:10     | Succumbed to barbed spike wounds

Illustrated notes

Levels and vault maps discovered:
D:1:      beargit_arrival_greenhouse, layout_basic,
          shapermc_ecumenical_altar_totnotflames
D:2:      layout_basic, hangedman_abyss_or_decor_stabs
D:3:      layout_loops_ring, kennysheep_vampire_church,
          nicolae_overflow_hidden_temple, cheibrodos_sewer_entry_bend,
          guppyfry_early_orc_mine, uniq_ijyb
D:4:      kennysheep_goblin_castle, layout_basic,
          mainiacjoe_overflow_small_starburst, minmay_temple_entry_overgrown,
          chequers_decorated_corner, chequers_big_river
D:5:      layout_basic, nicolae_ru_sacrificial_ziggurat
D:6:      layout_cave_pods, mainiacjoe_overflow_alcove_1
D:7:      layout_basic, minmay_shop_chei, nrook_campfire,
          nicolae_shop_i_like_big_books
D:8:      layout_gridville, nicolae_dithmenos_through_a_glass_darkly,
          uniq_psyche, uniq_maurice
D:9:      layout_long_grid, nemelex_xobeh_ov_fountains_minmay,
          nicolae_vehumet_radiance, serial_ice, serial_ice_b, serial_ice_n,
          serial_ice_m, serial_ice_i, serial_ice_g, serial_ice_a, uniq_harold
D:10:     lemuel_insect_pit, layout_cave_pods, minmay_pinched_square

Skill      XL: |  1  2  3  4  5  6  7  8  9 10 11 |
---------------+----------------------------------+-----
Dodging        | 2 3 4 |  4.1
Long Blades    | 4 5 6 7 9 10 | 10.0
Fighting       | 4 5 6 7 |  7.0
Armour         | 6 8 |  8.3
Short Blades   | 5 9 |  9.1
Axes           | |  0.5

Action                     |  1- 3 |  4- 6 |  7- 9 | 10-12 || total
---------------------------+-------+-------+-------+-------++-------
  Melee: Falchion          |    92 |   139 |   313 |    39 ||   583
         Dagger            |    19 |       |       |   412 ||   431
         Sling             |    34 |       |       |       ||    34
         Short sword       |    18 |       |       |       ||    18
         Rapier            |     7 |   134 |   211 |       ||   352
         Hand axe          |       |       |    87 |    44 ||   131
  Throw: Dart              |       |     2 |       |       ||     2
 Invoke: Berserk           |       |     3 |     5 |     5 ||    13
         Trog's Hand       |       |     2 |     1 |     2 ||     5
  Evoke: Wand              |       |       |       |     8 ||     8
    Use: Scroll            |       |     1 |     4 |    15 ||    20
         Potion            |       |       |     6 |     5 ||    11
 Armour: Animal skin       |     8 |       |       |       ||     8
         Scale mail        |    54 |   101 |    86 |       ||   241
         Leather armour    |     6 |       |       |       ||     6
         Plate armour      |       |       |   254 |   366 ||   620
  Dodge: Dodged            |    55 |   104 |   171 |   119 ||   449

Table legend: (Time is in decaauts)
 A = Elapsed time spent in this place.
 B = Non-inter-level travel time spent in this place.
 C = Inter-level travel time spent in this place.
 D = Time resting spent in this place.
 E = Time spent auto-exploring this place.
 F = Levels seen in this place.
 G = Mean time per level.
                   A        B        C        D        E       F      G
               +--------+--------+--------+--------+--------+-----+--------+
         Total |  12398 |  11919 |    479 |   2829 |   5684 |  10 | 1239.8 |
       Dungeon |  12398 |  11919 |    479 |   2829 |   5684 |  10 | 1239.8 |
               +--------+--------+--------+--------+--------+-----+--------+

Top non-repeatable levels by time:
     D:8: 1802 daAuts
     D:9: 1517 daAuts
    D:10: 1376 daAuts
     D:5: 1339 daAuts
     D:4: 1284 daAuts
     D:6: 1235 daAuts
     D:3: 1020 daAuts
     D:7: 1008 daAuts
     D:2: 925 daAuts
     D:1: 888 daAuts
